 Dungeon Crawl Stone Soup version 0.26.1-11-gd32895ea62 (webtiles) character file.

Game seed: 14519447254631151052

158 dtburroughs the Skirmisher (level 5, -2/47 HPs)
             Began as a Minotaur Berserker on May 20, 2021.
             Was a Believer of Trog.
             Blown up by Ijyb (20 damage)
             ... with a disintegration bolt
             ... on level 3 of the Dungeon.
             The game lasted 00:04:17 (2806 turns).

dtburroughs the Skirmisher (Minotaur Berserker)     Turns: 2806, Time: 00:04:17

Health: -2/47      AC:  4    Str: 21    XL:     5   Next: 16%
Magic:  4/4        EV: 12    Int:  5    God:    Trog [**....]
Gold:   157        SH:  0    Dex: 10    Spells: 4/4 levels left

rFire    . . .     SeeInvis .   a - +0 hand axe
rCold    . . .     Faith    .   (no shield)
rNeg     . . .     Spirit   .   d - +0 leather armour (curse)
rPois    .         Reflect  .   (helmet restricted)
rElec    .         Harm     .   (no cloak)
rCorr    .         Rampage  .   b - +0 pair of gloves
Will     .....                  (no boots)
Stlth    +.........             (no amulet)
HPRegen  0.15/turn              (no ring)
MPRegen  0.09/turn              (no ring)

@: no status effects
A: retaliatory headbutt, horns 2
a: Renounce Religion, Berserk, Trog's Hand


You were on level 3 of the Dungeon.
You worshipped Trog.
Trog was pleased with you.
You visited 1 branch of the dungeon, and saw 3 of its levels.

You collected 157 gold pieces.

Inventory:

Hand Weapons
 a - a +0 hand axe (weapon)
 m - a +3 flail
Armour
 b - a +0 pair of gloves (worn)
 d - a cursed +0 leather armour (worn)
 n - a +0 chain mail
 t - a +0 chain mail
Scrolls
 h - 4 scrolls of amnesia {unknown}
 k - 2 scrolls of identify {unknown}
 l - 2 scrolls of teleportation {unknown}
 p - a scroll of blinking {unknown}
 q - a scroll of enchant armour {unknown}
 r - a scroll of remove curse {unknown}
Potions
 c - a potion of resistance {unknown}
 e - 2 potions of flight {unknown}
 f - 3 potions of degeneration {unknown}
 g - a potion of haste {unknown}
 i - a potion of heal wounds {unknown}
 j - a potion of brilliance {unknown}
 o - a potion of ambrosia {unknown}
 s - a potion of attraction {unknown}


   Skills:
 + Level 4.7 Fighting
 + Level 4.7 Axes
 + Level 3.8 Armour
 + Level 3.4 Dodging


You had 4 spell levels left.
You didn't know any spells.
Your spell library was empty.

Dungeon Overview and Level Annotations

Branches:
Dungeon (3/15)

Altars:
Hepliaklqana
Uskayaw

Annotations:
D:3 Ijyb, Sigmund


Innate Abilities, Weirdness & Mutations

You reflexively headbutt those who attack you in melee.
You have a pair of horns on your head.


Message History

Trog accepts your kill.
You see here a dart slug corpse.
Found a stone staircase leading up.
Found a stone staircase leading down.
You now have 157 gold pieces (gained 13).
There is a stone staircase leading down here.
You open the door. 2 rats, Ijyb and Sigmund come into view.
Ijyb is wielding a +0 club and carrying a wand of disintegration (16).
Sigmund is wielding a +5 scythe of freezing and wearing a +0 robe of resistance.
Ijyb shouts!
Sigmund shouts!
Sigmund gestures at you while chanting. The puff of flame hits you!
The rat twitches its whiskers.
Ijyb screams, "Me kill you!"
Ijyb zaps a wand.
You barely resist.
Ijyb zaps a wand.
You are blasted!
Ouch! That really hurt!
There is a stone staircase leading up here.
Ijyb zaps a wand.
You are blasted!
You die...

.#.......#........#.#........
#.......#.#.#.###.#........##
.......#.##...###.#..........
......#.###.........#.....###
.....#.# #.#####.###.#......
....#.# #g..........###.###
...#.######.##............#
###.#........+............###
..#.######.@#..............#
.. #..+..†........##.#
#..#...........##..
#.##...........####
#..............#
#.######(#†.<### #..#
#.########## .#. #.......†..#
##########.#


You could see Ijyb.

Vanquished Creatures
  Terence (D:2)
  A worker ant (D:2)
  2 adders (D:2)
  3 oozes (D:1)
  3 worms
  3 dart slugs
  3 leopard geckos
  An orc (D:3)
  8 bats
  3 giant cockroaches
  9 goblins
  8 hobgoblins
  A quokka (D:2)
  A ball python (D:2)
  4 frilled lizards
  5 kobolds
  9 rats
65 creatures vanquished.

Notes
Turn   | Place    | Note
-------+----------+-------------------------------------------
     0 | D:1      | dtburroughs the Minotaur Berserker began the quest for the
                  | Orb.
     0 | D:1      | Reached XP level 1. HP: 19/19 MP: 0/0
   100 | D:1      | Reached XP level 2. HP: 27/27 MP: 1/1
   515 | D:1      | Reached XP level 3. HP: 33/33 MP: 2/2
   680 | D:1      | Reached ** piety under Trog
  1334 | D:2      | Reached XP level 4. HP: 35/41 MP: 3/3
  1389 | D:2      | Noticed Terence
  1400 | D:2      | Killed Terence
  1946 | D:2      | Noticed a +0 dagger
  1946 | D:2      | Noticed a +0 dagger
  1970 | D:2      | Reached XP level 5. HP: 12/47 MP: 4/4
  2301 | D:2      | Found a hide-covered altar of Uskayaw.
  2532 | D:2      | Found a hazy altar of Hepliaklqana.
  2777 | D:3      | Noticed Ijyb
  2777 | D:3      | Noticed Sigmund
  2806 | D:3      | Blown up by Ijyb

Illustrated notes

Levels and vault maps discovered:
D:1:      onia_arrival_handbag, layout_basic, chequers_serial_rivers_marsh,
          corexii_corridor_pit
D:2:      layout_rooms, marbit_many_paths, dancing_weapons_uskayaw, uniq_terence
D:3:      wad_pebble_path, layout_basic, serial_bayou_pond_d,
          minmay_close_crescents, uniq_ijyb, uniq_jessica, uniq_sigmund

Skill      XL: |  1  2  3 |
---------------+----------+-----
Fighting       | 4 |  4.7
Axes           | 4 |  4.7
Armour         | 3 |  3.8
Dodging        | 3 |  3.4

Action                   |  1- 3 |  4- 6 || total
-------------------------+-------+-------++-------
Melee: Hand axe          |    74 |    58 ||   132
       Headbutt          |     9 |    18 ||    27
 Stab: Sleeping          |     1 |       ||     1
Armor: Leather armour    |    32 |    11 ||    43
Dodge: Dodged            |    57 |    39 ||    96
